[Event "45th FIDE Chess Olympiad 2024"]
[Site "Budapest, Hungary"]
[Date "2024.09.15"]
[Round "5"]
[White "Sargsyan, Anna M."]
[Black "Lu, Miaoyi"]
[Result "1-0"]
[Annotator "Rafael Leitao"]
[ECO "C54"]
[WhiteElo "2364"]
[BlackElo "2438"]
[PlyCount "75"]
[GameId "2090214574726443"]
[EventDate "2024.??.??"]
[TimeControl "5400+30"]
[Link "https://www.chess.com/pt-BR/article/view/dez-melhores-partidas-xadrez-2024"]

1. e4 e5 2. Nf3 Nc6 3. Bc4 Nf6 4. d3 Bc5 5. c3 d6 6. O-O O-O 7. Re1 a5 8. h3 Ba7
9. Bb3 {Até agora, lances normais e conhecidos de ambos os lados. As Brancas
também podem tentar desenvolver o cavalo, seja para a3 ou d2.} (9. Nbd2) (9.
Na3) 9... h6 10. Nbd2 Be6 11. Bc2 {As Brancas decidem evitar a troca de bispos.}
(11. Bxe6 {é duvidoso, já que as Negras não têm problemas.} 11... fxe6) (11. Nf1
{não oferece nenhuma vantagem depois de} 11... Bxb3 12. Qxb3 Qd7) (11. Ba4 {é
interessante e destaca um problema de ter o peão em a5 e não em a6: as Negras
não podem jogar b7-b5.}) 11... Re8 $1 {O mais preciso.} (11... d5 {é um pouco
prematuro, embora provavelmente leve à igualdade também:} 12. exd5 Qxd5 13. Qe2
Rfe8 {Carlsen-So, CrunchLab Masters Rápido 2024.}) (11... Ne7 {é uma manobra
típica, mas um pouco passiva.}) 12. Nf1 (12. Ba4 {é possível novamente, mas é
estranho jogar Bc2 e depois Ba4 no próximo lance.}) 12... d5 $1 {Julgando pela
rapidez com que a jogadora chinesa reagiu até agora, ela tinha tudo isso
preparado.} 13. exd5 Qxd5 14. Be3 {Um lance novo.} (14. Ng3 Rad8 {com posição
igual: Kadric-Jones, Bundesliga 2022.}) 14... Bxe3 15. Nxe3 Qb5 $1 {Uma boa casa
para a dama, atacando o peão de b2.} (15... Qd6 {é menos preciso devido a} 16.
Ba4 $1) 16. Ba4 $5 {Um lance crítico para lutar pela iniciativa, apesar de as
Negras terem alcançado uma boa posição com um jogo preciso. As Brancas
sacrificam um peão.} (16. Qc1 {é inofensivo:} 16... Rad8 {com uma posição
confortável para as Negras.}) 16... Qxb2 17. Rb1 Qxc3 18. Rxb7 Re7 {Uma resposta
sólida e boa.} 19. Qb1 {Preparando para trazer a torre para c1.} 19... Nb4
(19... Nd4 {também é possível.} 20. Nxd4 Qxd4 {As Brancas têm alguma compensação
pelo peão devido às peças ativas, mas as Negras estão ligeiramente melhor.}) 20.
Rc1 Qa3 (20... Qxd3 $2 {perde uma peça devido a} 21. Rxb4 $1) (20... Bxa2 {é
tentador, trocando as damas. As Brancas têm jogo suficiente para alcançar o
empate:} 21. Rxc3 Bxb1 22. Nf5 $1 Re6 23. Rcxc7 Bxd3 24. Ne7+ (24. Rxf7 $5 {também
é possível:} 24... Bxf5 25. Bb3 Kh8 26. Nh4 $1 Be4 27. Bxe6 Bxb7 28. Rf8+ Rxf8 29.
Ng6+ Kh7 30. Nxf8+ {com o xeque perpétuo. Uma boa linha de empate—uma
especialidade dos computadores.}) 24... Kh7 25. Bb3 Na6 26. Rc3 Be4 27. Bxe6
Bxb7 28. Bxf7 {Com um final igualado.}) 21. Bb3 Nxa2 $2 {As Brancas parecem quase
perdidas aqui, mas a jogadora de xadrez armênia continua encontrando recursos, e
a posição das Negras se torna difícil de defender.} (21... Nxd3 {também é
perigoso depois de} 22. Rc6 $1) (21... Bxb3 $1 {é o melhor lance:} 22. axb3 Nxd3 23.
Rcxc7 Rxc7 24. Rxc7 {Novamente, as Negras estão com um peão a mais, com alguma
compensação para as Brancas, mas a posição não é tão perigosa, e as Negras podem
jogar para vencer.}) 22. Rc6 $3 {Que lance incrível $1 A torre se torna muito forte
na sexta fileira.} 22... Bxb3 (22... Nb4 $2 {Aqui a dama negra fica presa depois
de} 23. Rxe6 $1 fxe6 24. Nc4) (22... a4 {É possível defender após este lance, mas
requer habilidades extraordinárias.} 23. Bxe6 (23. Rxe6 {também é possível:}
23... axb3 24. Rxb3 (24. Rxe7 Qxe7 25. Qxb3 e4 26. dxe4 Nxe4 {também leva à
igualdade, apesar do cavalo fraco em a2.}) 24... Qc1+ 25. Qxc1 Nxc1 26. Rxe7
Nxb3 27. Rxc7 {with a drawish endgame.}) 23... Rxe6 24. Rcxc7 Nc3 $1 {As Negras
precisam encontrar uma série de lances forçados.} (24... Ne8 $2 {loses to} 25.
Rc2 $1 Nc3 26. Qe1 $1 {quando o cavalo está preso.}) 25. Qc2 Nfd5 $1 (25... Ncd5 $2
{perde após} 26. Rxf7 $18 Ne7 27. Qc4 $1 Kxf7 28. Nxe5+) 26. Nxd5 ({Or} 26. Rxf7
Ne7 $1 27. Rfxe7 Rxe7 28. Rxe7 Qxe7 29. Qxc3 a3 {O peão de a mantém o jogo
equilibrado.}) 26... Nxd5 27. Rxf7 Ne7 $1 28. Qc4 $1 Kxf7 29. Nxe5+ Kf8 30. Qxe6
Qc1+ 31. Kh2 Qf4+ {com xeque perpétuo.}) 23. Rxb3 Qa4 24. Rxf6 $1 {Um excelente
sacrifício de qualidade para abrir a posição do rei.} 24... gxf6 25. Nf5 Ree8 $2
{A posição ainda pode ser defendida, mas é necessária precisão de computador, e
na prática a tarefa é ingrata.} (25... Rd7 26. d4 $1 {Essa é a ideia principal
para as Brancas, assim como na partida.}) (25... Re6 26. d4 $1) (25... Kf8 $1 {Um
lance muito difícil.} 26. d4 Rd8 $1 {O computador mostra os típicos zeros aqui,
mas eu preferiria jogar de Brancas.}) 26. d4 $1 {Esse é o ponto. As torres das
Brancas desempenham um papel fundamental nesta partida, avançando vertical e
horizontalmente, e (alerta de spoiler) ambas são sacrificadas em algum momento.}
26... exd4 $6 (26... Qc4 {é a única chance segundo o computador, mas isso já é
impossível de defender para um humano.}) 27. N3xd4 {O ataque é decisivo.} 27...
Rad8 28. Nxh6+ Kf8 (28... Kg7 {leva a algumas variantes interessantes:} 29.
Ndf5+ $1 (29. Rg3+ $2 {estraga a vitória:} 29... Kxh6 30. Nf5+ Kh7 $1 (30... Kh5 $2 31.
Ng7+ (31. Nd6 {Isso parece ganho, mas há uma defesa surpreendente:} 31... Re4 $3
(31... Rxd6 32. Qh7#) 32. Qxe4 (32. Nxe4 Rd1+ 33. Kh2 Rxb1 34. Nxf6+ Kh6 (34...
Kh4 $4 35. Rg7 {Seguido por g3 com mate.}) 35. Ng8+ {com um empate.}) 32... Qxe4
33. Nxe4 Nb4 {com um final igual.}) 31... Kh6 32. Qf5 Qh4 33. Nxe8 Rxe8 34. Rg4)
31. Nd6+ Re4 $1 32. Nxe4 (32. Qxe4+ Qxe4 33. Nxe4 {deve terminar empatado.}) 32...
Rd1+ 33. Kh2 Rxb1 34. Nxf6+ Kh6 35. Ng8+ Kh5 36. Nf6+ {com xeque perpétuo.})
29... Kf8 (29... Kh7 30. Rg3 $1 Rd1+ 31. Kh2 Rxb1 32. Rg7+ Kh8 33. Nxf7#) 30. Rg3 $1
Rd1+ 31. Kh2 Rxb1 32. Rg8# {Um belo mate com uma torre e dois cavalos.}) (28...
Kh8 29. Nxf7+ Kg8 30. Rg3+ Kxf7 31. Qh7+ Kf8 32. Qg7#) 29. Qh7 $1 Re1+ 30. Kh2 Qc4
31. Nhf5 {Há outros lances vencedores.} (31. Ndf5 {também ganha, mas fica menos
claro depois de} 31... Ke8) (31. Rd3 $1 {é o mais preciso, trazendo a torre para o
ataque.}) 31... Ke8 32. Rd3 $1  $146ão é a única maneira, mas é a mais bonita.} (32.
Qg8+ Kd7 33. Qg4 $1 {e o rei não pode escapar.}) 32... Kd7 (32... Qxd3 {perde a
dama depois de} 33. Ng7+) 33. Ne6+ $1 {Pontos extras por outro sacrifício.} (33.
Ne3 {é uma maneira mais sem graça de vencer.}) 33... Kxe6 (33... Qxd3 34. Nc5+
Kc6 35. Nxd3 Rxd3 36. Ne7+ $1 Rxe7 37. Qxd3 {com uma vantagem material decisiva.})
34. Rxd8 Qf4+ 35. Ng3 Re5 (35... Qxf2 {Aqui, as Brancas podem vencer de várias
maneiras. Ela pode começar os xeques com 36.Te8 ou até mesmo jogar simplesmente
36.h4, mostrando que as Negras não têm ameaças.} 36. Re8+ (36. h4 $5)) 36. Qc2 {O
pobre cavalo em a2 se tornou um espectador nesta partida.} 36... Nb4 37. Qxc7
Re4 38. Qd7+ (38. Qd7+ Ke5 {Aqui, as Brancas têm quatro mates diferentes
disponíveis. Até agora, esta é a minha partida favorita da Olimpíada.} 39. Qd6#
(39. Qe8#) (39. Re8#) (39. Qe7#)) 1-0

[Event "GRENKE Chess Classic and Open 2024"]
[Site "Karlsruhe, Germany"]
[Date "2024.04.01"]
[Round "1"]
[White "Carlsen, Magnus"]
[Black "Rapport, Richard"]
[Result "1-0"]
[Annotator "Rafael Leitao"]
[ECO "C18"]
[WhiteElo "2823"]
[BlackElo "2708"]
[PlyCount "101"]
[GameId "2129699921059679"]
[EventDate "2024.??.??"]
[TimeControl "2700+10"]
[Link "https://www.chess.com/pt-BR/article/view/dez-melhores-partidas-xadrez-2024"]

1. e4 e6 2. d4 d5 3. Nc3 Bb4 4. e5 c5 5. a3 Bxc3+ 6. bxc3 Ne7 7. Qg4 Qc7 8. Bd3
Qa5 {Rapport repete a mesma variante de sua partida contra Vachier-Lagrave, na
qual ele obteve uma boa posição desde a abertura.} 9. Bd2 c4 10. Be2 Rg8 11. a4
Nbc6 12. Qh3 {Eu sugeri esse lance na minha análise da partida acima mencionada,
mas pensei que a ideia de Rapport fosse sacrificar o peão de h.} (12. Nf3 {foi o
lance feito por Vachier-Lagrave.}) 12... h6 $6 (12... Bd7 {Este é um lance
crítico e eu tinha imaginado que Rapport o jogaria.} 13. Qxh7 O-O-O {Com a ideia
de jogar f7-f6, com uma luta complicada. As Negras têm alguma compensação pelo
peão na forma de um desenvolvimento melhor e chances de atacar a vulnerável dama
das Brancas.}) 13. Bh5 $1 {O bispo está posicionado em uma casa ativa, impedindo
as Negras de fazer o roque grande e liberando a casa e2 para o cavalo. Se as
Negras jogarem g7-g6, são criadas fraquezas nas casas escuras.} 13... Bd7 14.
Ne2 g6 {Este lance é, no final das contas, um mal necessário, pois é a única
maneira de fazer o roque.} (14... O-O-O $2 15. Bxf7) 15. Bg4 $1 {Um lance curioso.
Por que Carlsen não retornou imediatamente o bispo para f3, como a grande
maioria da humanidade faria $2 Jogar lances tão sutis é uma das muitas razões
pelas quais ele é tão especial.} (15. Bf3 Rh8 {Isso é forçado, já que não há
outra maneira de defender o peão, e h6-h5 é uma versão muito pior para as Negras
do que o que acontece na partida. Talvez o ponto seja que o plano das Brancas
aqui não é tão claro ou eficaz quanto o plano possível com o bispo em g4.} 16.
g4 $5 {com a ideia de Dg3 e depois h4-h5.}) 15... h5 {O lance anterior das
Brancas foi feito para provocar esse avanço.} (15... Rh8 16. Qf3 {Essa é uma das
diferenças de o bispo estar em g4: as Brancas podem usar a terceira fileira para
a dama ir para g3 ou f3, seguido pelo avanço do peão de h.}) 16. Bf3 Nf5 $6
(16... O-O-O {é mais preciso, embora as Negras ainda estejam sofrendo após} 17.
Bg5 {As casas escuras estão muito vulneráveis.}) 17. g4 $1 hxg4 18. Bxg4 O-O-O 19.
Bxf5 $1 {Mudar a natureza estratégica da posição é frequentemente difícil no
xadrez, então os lances g4 e agora Bxf5 podem não ser os mais fáceis para muitos
jogadores. No entanto, ao olhar para o tabuleiro de forma objetiva, podemos ver
que as Negras têm uma posição miserável estrategicamente: muitas fraquezas nas
casas escuras e nenhum plano ativo.} 19... exf5 20. Bg5 Rde8 21. Kd2 $1 {O rei das
Brancas encontra um refúgio surpreendentemente seguro no meio do tabuleiro. O
plano das Brancas agora é relativamente simples: colocar a dama em f3 e avançar
o peão de h.} 21... Rh8 22. Qf3 {O mau bispo de casas claras na Defesa Francesa
é mais uma vez uma das causas da tragédia.} 22... Nd8 $1 {A única chance é ativar
o cavalo colocando-o em e6.} 23. Bf6 Rh6 24. h4 (24. Nf4 {é uma alternativa
possível.} 24... Ne6 $1 25. Nxe6 $1 (25. Qxd5 {é menos claro:} 25... Qc7 $1 {Isso é o
que as Negras querem: alguma atividade às custas de um peão, embora sua posição
ainda esteja objetivamente pior.} (25... Qxd5 {é bom para as Brancas depois de}
26. Nxd5 Bc6 27. Ne3 $1 Bxh1 28. Rxh1)) 25... Bxe6 26. h4 Rh5 27. Qd1 $1 {Com a
ideia de jogar Dc1-a3 e torturar as Negras por um longo tempo nas casas
escuras.}) 24... Ne6 25. h5 $2 {Isso deixa a posição aguda, mas não é o melhor
lance.} (25. Qe3 Rh5 26. Nf4 Nxf4 27. Qxf4 {com uma vantagem para as Brancas,
semelhante à que vimos após 24.Cf4. Deve-se ressaltar que a torre em h5, embora
esteja protegendo a ala do rei, está isolada do jogo.}) 25... g5 $1 26. Rae1 $3
{Este é outro lance muito difícil que não é fácil de entender até que
mergulhemos mais fundo na posição. Esse tipo de lance é muito mais bonito do que
uma simples combinação, que é uma questão puramente matemática. Aqui, no
entanto, está a verdadeira arte do xadrez: lances que só podem ser compreendidos
após muita reflexão e que envolvem uma ideia oculta para impedir o plano do
adversário.} (26. Qxf5 $4 {perde tragicamente a dama após} 26... Nxd4 27. Qxg5
Nf3+) (26. Rag1 $2 g4 27. Qe3 f4 $1 28. Nxf4 Rxf6 $1 29. exf6 Ng5 {Nesta linha,
podemos ver a importância da torre em e1.}) 26... f4 $2 {A posição é muito difícil
de jogar e é difícil para as Negras não cometerem um erro.} (26... Qxa4 $2
{Capturar o peão em a4 é claramente errado:} 27. Ra1) (26... Bxa4 $2 27. Qxf5)
(26... g4 $2 {Nesta linha, podemos entender a ideia por trás do lance anterior de
Carlsen.} 27. Qe3 f4 {Isso não funciona mais:} 28. Nxf4 Rxf6 29. exf6 Ng5 30.
Qxe8+ {Graças à torre em e1, as Brancas ganham duas torres e um peão—nada menos
do que o perigoso peão passado de h—pela dama. A verdadeira arte do xadrez.})
(26... a6 $1 {Este ou 26...b6 são os melhores lances segundo o computador. O que
posso dizer $2 Xadrez não é fácil. 26...a6 eu consigo entender: agora é possível
capturar em a4 em algumas linhas, já que não há mais Ta1 capturando em a7. Além
disso, o rei pode marchar para um lugar mais seguro com Rb8-a7. Peço desculpas
se essa explicação não foi convincente. A posição continua muito complicada e a
avaliação é a que esperamos (0.00).}) 27. Reg1 $1 {Os peões na ala do rei estão
muito vulneráveis.} 27... Rg8 {Isso perde forçado, mas é difícil fazer
recomendações.} (27... Bxa4 {é a sugestão do computador e provavelmente a melhor
chance prática, mas após} 28. Ra1 $1 {as Negras estão presas.} (28. Bxg5 $2 {é
errado:} 28... Bxc2 $1 29. Kxc2 Qa2+ {com xeque perpétuo.})) 28. Nxf4 $1 Rxf6 $1
{Rapport está à altura do desafio e luta com grande resiliência.} (28... Nxf4
29. Qxf4 {29.Txg5 ou 29.Bxg5 também ganha.} (29. Rxg5 Rxg5 30. Bxg5 Rxh5 31.
Rxh5 Nxh5 32. Qxh5 Be6 33. f4 {As Negras não conseguem manter a posição por
muito tempo.}) 29... gxf4 30. Rxg8+ Be8 (30... Kc7 31. Bd8+) 31. Rxe8+ Kd7 32.
Re7+ Kc6 33. Rxf7 {com uma vitória fácil, já que o rei está muito exposto e as
Brancas têm dois peões passados perigosos.}) 29. exf6 Nxf4 30. h6 $6 {Fiquei
surpreso com esse lance, já que esperava que Carlsen capturasse em f4. Mas as
coisas não são tão fáceis quanto eu pensei inicialmente.} (30. Qxf4 $1 gxf4 31.
Rxg8+ Kc7 {Agora as Brancas devem ser muito precisas.} 32. Rg7 $1 (32. Rf8 {também
é bom.}) (32. h6 $2 {é tentador... e errado:} 32... Bf5 33. h7 $2 {Agora as Brancas
até perdem $1} (33. Rh5 {é o suficiente para um empate.}) 33... Qxa4 $1 {As Negras
começam um contra-ataque surpreendente e vencem a partida.} (33... Bxh7 $2 34.
Rxh7 {com uma vitória fácil.}) 34. h8=Q Qxc2+ 35. Ke1 f3 {com mate inevitável.})
32... Qxa4 (32... Bf5 33. Rxf7+ Kc6 34. Rc1 $1 {O peão de c2 está protegido e os
peões de h e f são decisivos, por exemplo:} 34... Qd8 35. h6 Qe8 36. h7) 33. h6
Bf5 34. Rxf7+ Kb6 35. Rc1 Qe8 36. h7 $1 {com uma vantagem decisiva para as
Brancas.}) 30... Ne6 $1 31. h7 Rh8 32. Qe3 $1 {Preparando o sacrifício em g5.} 32...
Qd8 $1 33. Rxg5 $1 Nxg5 34. Qxg5 {A dama vai para g7 e as Negras ficam paralisadas,
mas ainda resta saber como as Brancas podem quebrar completamente a
resistência.} 34... Kc7 35. Qg7 Be6 36. Re1 $2 {Esse lance surpreendentemente
deixa a vitória escapar.} (36. Rh5 $1 {era o caminho certo para a torre, com o
mesmo plano da partida.}) 36... Kb6 $2 (36... Bf5 $1 {é o lance certo:} 37. Qxf7+
Kc6 {Agora é a vez das Brancas precisarem jogar com cuidado.} 38. Rg1 Rxh7 39.
Rg7 {A partida termina em empate de várias maneiras possíveis.} 39... Rxg7
(39... Qb8 40. Kc1 $1 Qf4+ 41. Kb2 Rxg7 42. fxg7 Qxf2 43. Qe8+ {com xeque
perpétuo.}) 40. fxg7 (40. Qxg7 {também é um empate:} 40... Qd6 41. f7 Qf4+ 42.
Ke1 Qe4+ 43. Kf1 Qh1+ {com xeque perpétuo novamente.}) 40... Qg5+ 41. Ke2 Bh7
42. Qe6+ {com um empate.}) 37. Re5 $1 Qc8 38. f4 {Preparando f4-f5 no momento
certo.} 38... a6 39. Kc1 $1 {É importante esconder o rei primeiro.} (39. f5 $2 Bxf5
40. Rxf5 Qxf5 41. Qxh8 Qf4+ {com xeque perpétuo.}) 39... Ka7 40. f5 Bd7 (40...
Bxf5 41. Rxf5 Qxf5 42. Qxh8 {Agora há um abrigo de peões protegendo o rei.}) 41.
a5 $1 Qf8 42. Kb2 Qc8 43. Rxd5 {As Brancas começam a coletar os peões.} 43... Bc6
44. Re5 Bd7 45. Qxf7 Bxf5 46. Rc5 Qe6 47. Qxe6 Bxe6 48. Rc7 Bf5 49. Rg7 $1 {Até os
últimos lances são bonitos.} 49... Bxh7 50. f7 {Preparando Txh7. Se o bispo se
mover, as Brancas podem jogar Tg8. Uma posição de estudo.} 50... Bd3 51. cxd3
{Uma partida maravilhosa.} 1-0